 Dungeon Crawl Stone Soup version 0.28.0 (webtiles) character file.

Game seed: 9768547793639103424

53 Ablot the Grasshopper (level 3, -1/31 HPs)
             Began as a Gnoll Warper on Feb 18, 2022.
             Splashed by a jelly's acid (10 damage)
             ... on level 2 of the Dungeon.
             The game lasted 00:02:12 (2238 turns).

Ablot the Grasshopper (Gnoll Warper)                Turns: 2238, Time: 00:02:12

Health: -1/31      AC:  0    Str: 12    XL:     3   Next: 87%
Magic:  9/9        EV: 12    Int: 12    God:
Gold:   37         SH:  0    Dex: 11    Spells: 10/12 levels left

rFire   . . .      SeeInvis .   a - +0 spear
rCold   . . .      Faith    .   (no shield)
rNeg    . . .      Spirit   .   b - +0 leather armour
rPois   .          Reflect  .   (no helmet)
rElec   .          Harm     .   (no cloak)
rCorr   .          Rampage  .   (no gloves)
Will    .....                   (no boots)
Stlth   +.........              (no amulet)
HPRegen 0.10/turn               (no ring)
MPRegen 0.11/turn               (no ring)

@: corroded
A: fangs 1, strong nose, distributed training
a: no special abilities


You were on level 2 of the Dungeon.
You visited 1 branch of the dungeon, and saw 2 of its levels.

You collected 37 gold pieces.

Inventory:

Hand Weapons
 a - a +0 spear (weapon)
Missiles
 d - 5 boomerangs of dispersal (quivered)
 f - 41 arrows
 i - 76 stones
 j - 4 boomerangs
 l - 25 sling bullets
 m - 7 poisoned darts
 o - 27 bolts
Armour
 b - a +0 leather armour (worn)
Scrolls
 c - a scroll of blinking
 e - a scroll of teleportation {unknown}
 g - a scroll of noise {unknown}
 h - 2 scrolls of identify {unknown}
 k - 3 scrolls of amnesia {unknown}
 p - a scroll of holy word {unknown}
 r - a scroll of brand weapon {unknown}
Potions
 n - a potion of mutation {unknown}
 q - a potion of heal wounds {unknown}
 s - a potion of attraction {unknown}


   Skills:
 + Level 4.6 Fighting
 + Level 1.0 Short Blades
 + Level 1.0 Long Blades
 + Level 1.0 Axes
 + Level 1.0 Maces & Flails
 + Level 4.6 Polearms
 + Level 1.0 Staves
 + Level 1.0 Slings
 + Level 1.0 Bows
 + Level 1.0 Crossbows
 + Level 2.6 Throwing
 + Level 2.6 Armour
 + Level 4.6 Dodging
 + Level 1.0 Stealth
 + Level 1.0 Shields
 + Level 1.0 Unarmed Combat
 + Level 5.0 Spellcasting
 + Level 0.7 Conjurations
 + Level 0.7 Hexes
 + Level 0.7 Summonings
 + Level 0.7 Necromancy
 + Level 5.4 Translocations
 + Level 0.7 Transmutations
 + Level 0.7 Fire Magic
 + Level 0.7 Ice Magic
 + Level 0.7 Air Magic
 + Level 0.7 Earth Magic
 + Level 0.7 Poison Magic
 + Level 1.0 Invocations
 + Level 1.0 Evocations


You had 10 spell levels left.
You knew the following spells:

 Your Spells              Type           Power      Damage    Failure   Level
a - Blink                 Tloc           32%        N/A       4%          2

Your spell library contained the following spells:

 Spells                   Type           Power      Damage    Failure   Level
 Gell's Gravitas          Tloc           16%        N/A       9%          3
 Lesser Beckoning         Tloc           16%        N/A       9%          3
 Teleport Other           Tloc           16%        N/A       9%          3
 Manifold Assault         Tloc           16%        N/A       58%         5


Dungeon Overview and Level Annotations

Branches:
Dungeon (2/15)

Altars:


Innate Abilities, Weirdness & Mutations

You have very sharp teeth.
Your uncanny sense of smell can sniff out nearby items.
Your experience applies equally to all skills.


Message History

You bite the endoplasm, but do no damage.
The endoplasm is moderately wounded.
The endoplasm freezes you.
You are frozen.
You hit the endoplasm but do no damage.
The endoplasm is moderately wounded.
The endoplasm quivers.
You hit the jelly.
Your hands burn!
You bite the jelly.
The jelly is heavily wounded.
You hit the jelly.
Your hands burn!
The jelly is heavily wounded.
The jelly hits you. The acid corrodes you!
You are splashed with acid!
You are too injured to fight recklessly!
You are too injured to fight recklessly!
You are too injured to fight recklessly!
You are too injured to fight recklessly!
You are too injured to fight recklessly!
You are too injured to fight recklessly!
You are too injured to fight recklessly!
You are too injured to fight recklessly!
You are too injured to fight recklessly!
You are too injured to fight recklessly!
You are too injured to fight recklessly!
You are too injured to fight recklessly!
You are too injured to fight recklessly!
You are too injured to fight recklessly!
You are too injured to fight recklessly!
Unknown command.
You see here a +0 dagger.
There is an open door here.
You are no longer corroded.
There is an open gate here.
Items here: )))) ÷ †.
You see here a kobold skeleton.
You hit the jelly. The acid corrodes you!
Your hands burn!
The jelly is severely wounded.
The jelly hits you.
* * * LOW HITPOINT WARNING * * *
You are splashed with acid!
You die...

#.# #.# #.# #...# #.# #.#
#####.## #.#.# #.##
###.###......#####.#.##### ...#
###.......###..#...........# #..#
#.....##### #....).....# #.#
#..###.....### #.##.###...###.#
.............# #.##.# #...##...
#..###.....#.#####.##.###........
#..# #.......)JJ@..........###...
........###'''####.......######.#
#.#########.J.## #.##.#.........#
#. ##.....###.##....######.# #.#
#.......##.##..#........# ..#
#....J..##.###...######.# #>#
#...J...##.####.## #.#
#.......##..###.## #.# #.#
#....######......# #.#


You could see a jelly and an endoplasm.

Vanquished Creatures
  Natasha (D:2)
  A dart slug (D:1)
  3 bats (D:1)
  An endoplasm (D:1)
  4 goblins
  A hobgoblin (D:1)
  2 jackals (D:1)
  7 kobolds
  A quokka (D:1)
  A ball python (D:1)
  2 rats (D:1)
24 creatures vanquished.

Vanquished Creatures (others)
  8 fungi (D:2)
  7 toadstools (D:2)
15 creatures vanquished.

Grand Total: 39 creatures vanquished

Notes
Turn   | Place    | Note
-------+----------+-------------------------------------------
     0 | D:1      | Ablot the Gnoll Warper began the quest for the Orb.
     0 | D:1      | Reached XP level 1. HP: 20/20 MP: 6/6
   469 | D:1      | Reached XP level 2. HP: 7/26 MP: 7/7
   477 | D:1      | Learned a level 2 spell: Blink
  1620 | D:2      | Noticed Natasha
  1637 | D:2      | Killed Natasha
  1638 | D:2      | Reached skill level 5 in Spellcasting
  1638 | D:2      | Reached skill level 1 in Invocations
  1638 | D:2      | Reached XP level 3. HP: 10/31 MP: 7/9
  2031 | D:2      | Reached skill level 1 in Short Blades
  2031 | D:2      | Reached skill level 1 in Long Blades
  2031 | D:2      | Reached skill level 1 in Axes
  2031 | D:2      | Reached skill level 1 in Maces & Flails
  2031 | D:2      | Reached skill level 1 in Staves
  2031 | D:2      | Reached skill level 1 in Slings
  2031 | D:2      | Reached skill level 1 in Bows
  2031 | D:2      | Reached skill level 1 in Crossbows
  2031 | D:2      | Reached skill level 1 in Stealth
  2031 | D:2      | Reached skill level 1 in Shields
  2031 | D:2      | Reached skill level 1 in Unarmed Combat
  2031 | D:2      | Reached skill level 1 in Evocations
  2238 | D:2      | Splashed by a jelly's acid

Illustrated notes

Levels and vault maps discovered:
D:1:      nagdon_arrival_zigzag_paths, layout_loops_ring, serial_aquarium,
          aquarium_bridge_square [aquarium_subvault_balcony,
          aquarium_subvault_bridge, aquarium_subvault_wall,
          aquarium_subvault_wall], aquarium_window_2, aquarium_window_fake,
          aquarium_window_fake, aquarium_window_fake, aquarium_view_2d,
          aquarium_view_2f
D:2:      cheibrodos_fertilizer, layout_loops_ring,
          shapermc_ecumenical_altar_totnotflames, uniq_natasha

Skill      XL: |  1  2  3 |
---------------+----------+-----
Spellcasting   | 5 |  5.0
Invocations    | 1 |  1.0
Short Blades   | 1 |  1.0
Long Blades    | 1 |  1.0
Axes           | 1 |  1.0
Maces & Flails | 1 |  1.0
Staves         | 1 |  1.0
Slings         | 1 |  1.0
Bows           | 1 |  1.0
Crossbows      | 1 |  1.0
Stealth        | 1 |  1.0
Shields        | 1 |  1.0
Unarmed Combat | 1 |  1.0
Evocations     | 1 |  1.0
Fighting       | |  4.6
Polearms       | |  4.6
Throwing       | |  2.6
Armour         | |  2.6
Dodging        | |  4.6
Conjurations   | |  0.7
Hexes          | |  0.7
Summonings     | |  0.7
Necromancy     | |  0.7
Translocations | |  5.4
Transmutations | |  0.7
Fire Magic     | |  0.7
Ice Magic      | |  0.7
Air Magic      | |  0.7
Earth Magic    | |  0.7
Poison Magic   | |  0.7

Action                   || total
-------------------------++-------
Melee: Spear             ||   125
       Bite              ||    11
       Punch             ||     1
 Stab: Sleeping          ||     1
Armor: Leather armour    ||    20
Dodge: Dodged            ||    62
